AoeStats
← 血刃

African Clearing

510402552Analyzed
2v2 RM · 1d ago on Sep 30, 2026· 25m 46s· 4 players
Game mode
Random Map
Map size
Medium (4 player)
Population
200
Speed
Normal
Resources
Standard
Victory
Conquest
Starting age
Dark Age
Ending age
Imperial Age
RankedLock teamsTeams togetherTeam positionsShared explorationLock speedFull tech treeHidden civsTurbo modeCheats
Victory
Defeat
🇧🇷 Turks · Brazil
1606
+19
🇺🇸 Georgians · United States
1570
+20
🇦🇷 Portuguese · Argentina
1680
-20
🇦🇷 Khmer · Argentina
1657
-19
血刃
11:44 Feudal Age
12:02 Loom
12:31 Double-Bit Axe
20:13 Castle Age
19:49 Forging
20:19 Bloodlines
Chiro My Hero
7:33 Loom
10:41 Feudal Age
11:21 Town Watch
12:11 Double-Bit Axe
14:07 Fletching
24:28 Castle Age
25:24 Bodkin Arrow
[Ne0] Nicolas del Caño
3:24 Loom
12:34 Feudal Age
14:06 Town Watch
19:30 Castle Age
17:57 Fletching
[Ne0] Fidel Castro
11:28 Loom
13:14 Feudal Age
16:31 Castle Age
14:27 Double-Bit Axe
14:23 Horse Collar
15:50 Bloodlines
16:51 Forging
17:26 Bow Saw
Connection lost

Rejoining the realm…

Still unreachable

The connection could not be restored.

Session expired

The server has moved on; the page needs a fresh start.